 Dungeon Crawl Stone Soup version 0.22.1-2-g9c5b331383 (webtiles) character file.

86 Knicklaso the Ducker (level 4, -2/34 HPs)
             Began as a Human Artificer on Dec 5, 2018.
             Killed from afar by Sigmund (6 damage)
             ... with a magic dart
             ... on level 2 of the Dungeon.
             The game lasted 00:03:16 (1815 turns).

Knicklaso the Ducker (Human Artificer)              Turns: 1815, Time: 00:03:17

Health: -2/34      AC:  6    Str: 13    XL:     4   Next: 77%
Magic:  6/6        EV: 11    Int: 12    God:
Gold:   149        SH:  0    Dex: 13    Spells: 3/3 levels left

rFire    . . .     SeeInvis .   k - +2 short sword (speed)
rCold    . . .     Gourm    .   (no shield)
rNeg     . . .     Faith    .   l - +0 ring mail
rPois    .         Spirit   .   (no helmet)
rElec    .         Reflect  .   (no cloak)
rCorr    .         Harm     .   g - +0 pair of gloves
MR       .....                  (no boots)
Stlth    +.........             (no amulet)
HPRegen  0.11/turn              (no ring)
MPRegen  0.10/turn              (no ring)

@: no status effects
A: no striking features
a: no special abilities


You were on level 2 of the Dungeon.
You were not hungry.

You visited 1 branch of the dungeon, and saw 2 of its levels.

You collected 149 gold pieces.

Inventory:

Hand Weapons
 a - a +0 short sword
 k - a +2 short sword of speed (weapon)
Armour
 g - a +0 pair of gloves (worn)
 l - a +0 ring mail (worn)
Jewellery
 o - an uncursed ring of resist corrosion {unknown}
 w - a cursed amulet of inaccuracy {unknown}
Wands
 c - a wand of flame (15)
 d - a wand of enslavement (15)
 e - a wand of random effects (15)
Scrolls
 i - a scroll of enchant armour {unknown}
 j - a scroll of remove curse {unknown}
 m - 5 scrolls of identify {unknown}
 n - a scroll of teleportation {unknown}
 p - a scroll of magic mapping {unknown}
 u - a scroll of enchant weapon {unknown}
 v - a scroll of fear {unknown}
Potions
 b - 2 potions of agility {unknown}
 q - a potion of cancellation {unknown}
 r - a potion of curing {unknown}
 s - a potion of brilliance {unknown}
 t - 2 potions of heal wounds {unknown}
 x - a potion of invisibility {unknown}
Comestibles
 f - 3 rations


   Skills:
 + Level 2.6 Fighting
 * Level 2.1 Short Blades
 + Level 3.1 Dodging
 - Level 1.0 Stealth
 - Level 3.0 Evocations


You had 3 spell levels left.
You didn't know any spells.
Your spell library was empty.

Dungeon Overview and Level Annotations

Branches:
Dungeon (2/15)

Altars:

Annotations:
D:2 Sigmund


Message History

The puff of flame hits you!
You hit Sigmund but do no damage.
Sigmund is heavily wounded.
Sigmund closely misses you.
You hit Sigmund.
Sigmund is severely wounded.
You hit Sigmund.
Sigmund is severely wounded.
Sigmund gestures wildly while chanting.
Sigmund flickers and vanishes!
Deactivating autopickup; reactivate with Ctrl-A.
You barely miss something. You hit something but do no damage.
Something hits you!
* * * LOW HITPOINT WARNING * * *
Something hits you but does no damage.
A puff of flame appears from out of thin air!
The puff of flame misses you.
A magic dart appears from out of thin air!
The magic dart hits you!
You die...

.....###'## #.......#
#######...## #.##.##.#
##.....## #.##....# #
##.......###.##.#..#
####.........##.#.....#
...+.........+........#
####.........##.......###
# ##.......####........#
##.....## #@###.##.#
##...## #.###.##.# #
##'## #.##..##(# # #.#
#.##.###.# # #.# #.##.#
#.# ##.## #.##.###.#
##...## #........#
##.....########.#####
............#####.#


There were no monsters in sight!

Vanquished Creatures
  2 adders (D:2)
  A worm (D:2)
  A dart slug (D:1)
  A leopard gecko (D:1)
  A ball python (D:1)
  6 bats
  16 giant cockroaches
  4 goblins
  6 hobgoblins
  5 kobolds
  A quokka (D:2)
  2 frilled lizards
  8 rats
54 creatures vanquished.

Notes
Turn   | Place    | Note
-------+----------+-------------------------------------------
     0 | D:1      | Knicklaso the Human Artificer began the quest for the Orb.
     0 | D:1      | Reached XP level 1. HP: 15/15 MP: 3/3
   121 | D:1      | Reached XP level 2. HP: 11/21 MP: 4/4
   455 | D:1      | Reached XP level 3. HP: 22/27 MP: 5/5
  1076 | D:2      | Reached XP level 4. HP: 31/34 MP: 6/6
  1785 | D:2      | Noticed Sigmund
  1815 | D:2      | Killed from afar by Sigmund

Skill      XL: |  1  2  3  4 |
---------------+-------------+-----
Fighting       | 2 |  2.6
Dodging        | 3 |  3.1
Short Blades   | 2 |  2.1
Stealth        | |  1.0
Evocations     | |  3.0

Action                   |  1- 3 |  4- 6 || total
-------------------------+-------+-------++-------
Melee: Short sword       |   109 |   101 ||   210
Throw: Tomahawk          |       |     2 ||     2
 Stab: Sleeping          |     1 |       ||     1
  Eat: Chunk             |       |     3 ||     3
Armor: Leather armour    |    16 |       ||    16
       Ring mail         |    28 |    24 ||    52
Dodge: Dodged            |    73 |    55 ||   128
